 Dungeon Crawl Stone Soup version 0.30-a0-918-g0ff054e9dc (webtiles) character file.

Game seed: 8087379945518183021

181 Darius099 the Sneak (level 5, 0/36 HPs)
             Began as an Octopode Brigand on Mar 20, 2023.
             Slain by an orc wizard
             ... wielding a +0 dagger
              (3 damage)
             ... on level 4 of the Dungeon.
             The game lasted 00:05:32 (2784 turns).

Darius099 the Sneak (Octopode Brigand)              Turns: 2784, Time: 00:05:33

Health: 0/36       AC:  1    Str: 10    XL:     5   Next: 61%
Magic:  5/5        EV: 13    Int: 13    God:
Gold:   97         SH:  0    Dex: 16    Spells: 2/4 levels left

rFire   . . .      SeeInvis .    a - +2 dagger
rCold   . . .      Faith    .    (no shield)
rNeg    . . .      Spirit   .    (helmet restricted)
rPois   .          Reflect  .    (no amulet)
rElec   .          Rampage  .    (no ring)
rCorr   .                        (no ring)
Will    .....                    (no ring)
Stlth   +++++                    (no ring)
HPRegen 0.26/turn                (no ring)
MPRegen 0.09/turn                (no ring)
                                 (no ring)
                                 (no ring)

@: hasted, very quick
A: almost no armour, amphibious, 8 rings, camouflage 1, gelatinous body 1,
(nimble swimmer 1), tentacles
a: no special abilities


You were on level 4 of the Dungeon.
You visited 1 branch of the dungeon, and saw 4 of its levels.

You collected 97 gold pieces.

Inventory:

Hand Weapons
 a - a +2 dagger (weapon)
Missiles
 b - 13 poisoned darts (quivered)
 c - 8 curare-tipped darts
 d - 3 atropa-tipped darts
Jewellery
 k - a ring of ice
Scrolls
 h - a scroll of teleportation
Potions
 e - a potion of haste
 f - a potion of curing
 g - a potion of magic
 i - a potion of might {unknown}
 j - a potion of mutation {unknown}
 l - a potion of attraction {unknown}
 n - a potion of flight {unknown}
 o - a potion of ambrosia


   Skills:
 + Level 3.5 Fighting
 + Level 3.5 Short Blades
 - Level 2.0 Throwing
 - Level 1.0 Dodging
 + Level 6.8 Stealth
 + Level 0.2 Spellcasting
 + Level 0.3 Hexes
 + Level 0.2 Ice Magic


You had 2 spell levels left.
You knew the following spells:

 Your Spells              Type           Power      Damage    Failure   Level
a - Ensorcelled Hibernat  Hex/Ice        0%         N/A       38%         2

Your spell library contained the following spells:

 Spells                   Type           Power      Damage    Failure   Level
 Spider Form              Tmut/Pois      0%         N/A       67%         3
 Anguish                  Hex/Necr       0%         N/A       96%         4
 Passage of Golubria      Tloc           0%         N/A       97%         4
 Silence                  Hex/Air        0%         N/A       100%        5
 Lehudib's Crystal Spear  Conj/Erth      0%         10d2      100%        8


Dungeon Overview and Level Annotations

Branches:
Dungeon (4/15)
 Temple: D:4-7

Altars:


Innate Abilities, Weirdness & Mutations

You cannot wear most types of armour.
You are amphibious.
You can wear up to eight rings at the same time.
Your skin changes colour to match your surroundings (Stealth+).
Your rubbery body absorbs attacks. (AC +1, EV +1)
((You are camouflaged when in or above water. (Stealth+)))
You have tentacles for arms and can constrict up to eight enemies at once.


Message History

You constrict the orc wizard.
You hit the orc wizard but do no damage.
You squeeze the orc wizard.
You kill the orc wizard!
You barely miss something. You squeeze something.
Something completely misses you.
You miss something. Something hits you.
You hit something but do no damage.
You hear some strange, mumbled words.
A puff of flame appears from out of thin air!
The puff of flame misses you.
You hit something but do no damage. You squeeze something. Something hits you.
You hit something but do no damage. You squeeze something. Something hits you.
* * * LOW HITPOINT WARNING * * *
You closely miss something.
You feel yourself speed up. Something hits you.
* * * LOW HITPOINT WARNING * * *
You completely miss something. Your squeeze misses something.
Something hits you.
* * * LOW HITPOINT WARNING * * *
You miss something. You miss something. You hit the orc.
Your grab misses the orc.
The orc is heavily wounded.
You closely miss the orc. You grab the orc.
The orc is heavily wounded.
You constrict the orc. You hit the orc.
You kill the orc!
You miss something. Your squeeze misses something. You closely miss something.
Something hits you.
* * * LOW HITPOINT WARNING * * *
You barely miss something.
You feel better. Something hits you.
* * * LOW HITPOINT WARNING * * *
You closely miss something. Something hits you.
* * * LOW HITPOINT WARNING * * *
You closely miss something. You squeeze something. You miss something.
Your squeeze misses something. Something hits you.
You die...

#$ #. #. #. #. #.
##.##.#
###...#.########.#
...........@{o...#
#......##########
##...#...........
#.#...##########
#......####
#...........
##......####[
#..>...## ##
#.....#####...#


You could see an orc.

Vanquished Creatures
  A scorpion (D:4)
  A sleepcap (D:4)
  An orc wizard (D:4)
  2 adders
  A worm (D:2)
  3 dart slugs
  2 orcs
  4 bats
  5 endoplasms
  2 giant cockroaches
  A goblin (D:1)
  2 hobgoblins
  2 kobolds
  A quokka (D:2)
  6 ball pythons
  5 frilled lizards
  4 rats
43 creatures vanquished.

Notes
Turn   | Place    | Note
-------+----------+-------------------------------------------
     0 | D:1      | Darius099 the Octopode Brigand began the quest for the Orb.
     0 | D:1      | Reached XP level 1. HP: 14/14 MP: 1/1
   147 | D:1      | Reached XP level 2. HP: 11/19 MP: 2/2
   330 | D:1      | You fall into a shaft and drop 1 floor!
  1332 | D:1      | Reached XP level 3. HP: 25/25 MP: 3/3
  1816 | D:3      | Reached skill level 6 in Stealth
  2544 | D:4      | Reached XP level 4. HP: 30/30 MP: 4/4
  2573 | D:4      | HP: 1/31 [constriction (1)]
  2742 | D:4      | Noticed a scorpion
  2747 | D:4      | Killed a scorpion
  2748 | D:4      | Reached XP level 5. HP: 36/36 MP: 5/5
  2753 | D:4      | Learned a level 2 spell: Ensorcelled Hibernation
  2779 | D:4      | HP: 1/36 [something (3)]
  2784 | D:4      | Slain by an orc wizard

Illustrated notes

Levels and vault maps discovered:
D:1:      ebering_hopf_link, layout_basic, minmay_crystal_room,
          kennysheep_another_room
D:2:      layout_basic, minmay_tiny_reverse_x
D:3:      layout_basic
D:4:      layout_loops_ring, minmay_puff

Skill      XL: |  1  2  3  4 |
---------------+-------------+-----
Stealth        | 6 |  6.8
Fighting       | 3 |  3.5
Short Blades   | 3 |  3.5
Throwing       | |  2.0
Dodging        | |  1.0
Spellcasting   | |  0.2
Hexes          | |  0.3
Ice Magic      | |  0.2

Action                     |  1- 3 |  4- 6 || total
---------------------------+-------+-------++-------
  Melee: Dagger            |    63 |    37 ||   100
         Tentacles         |    11 |    11 ||    22
         Constrict         |    14 |     5 ||    19
         Punch             |     1 |       ||     1
    Use: Scroll            |     6 |     3 ||     9
         Potion            |       |     2 ||     2
   Stab: Sleeping          |    13 |     2 ||    15
 Armour: Skin              |     6 |       ||     6
  Dodge: Dodged            |    35 |    13 ||    48

Table legend: (Time is in decaauts)
 A = Elapsed time spent in this place.
 B = Non-inter-level travel time spent in this place.
 C = Inter-level travel time spent in this place.
 D = Time resting spent in this place.
 E = Time spent auto-exploring this place.
 F = Levels seen in this place.
 G = Mean time per level.
                   A        B        C        D        E       F      G
               +--------+--------+--------+--------+--------+-----+--------+
         Total |   2767 |   2573 |    194 |    143 |   2045 |   4 |  691.8 |
       Dungeon |   2767 |   2573 |    194 |    143 |   2045 |   4 |  691.8 |
               +--------+--------+--------+--------+--------+-----+--------+

Top non-repeatable levels by time:
     D:2: 968 daAuts
     D:3: 887 daAuts
     D:1: 756 daAuts
     D:4: 155 daAuts
